 Dungeon Crawl Stone Soup version 0.19.1-1-g22dce08 (webtiles) character file.

95 esteth the Slasher (level 4, -1/33 HPs)
             Began as a Merfolk Gladiator on Dec 31, 2016.
             Slain by Sigmund
             ... wielding a +0 scythe
              (12 damage)
             ... on level 2 of the Dungeon.
             The game lasted 00:03:58 (2306 turns).

esteth the Slasher (Merfolk Gladiator)              Turns: 2306, Time: 00:03:58

Health: -1/33      AC:  5    Str: 15    XL:     4   Next: 65%
Magic:  4/4        EV: 14    Int:  7    God:
Gold:   129        SH:  0    Dex: 15    Spells: 0 memorised, 3 levels left

rFire  . . .     SeeInvis .     a - +0 long sword
rCold  . . .     Gourm    .     b - +0 leather armour
rNeg   . . .     Faith    .     (no shield)
rPois  .         Spirit   .     c - +0 helmet
rElec  .         Reflect  .     e - +0 cloak
rCorr  .         Harm     .     (no gloves)
MR     .....                    (no boots)
Stlth  +.........               (no amulet)
                                (no ring)
                                m - ring of wizardry

@: confused
A: change form in water, swift swim, stealthy swim
a: no special abilities


You were on level 2 of the Dungeon.
You were near starving.

You visited 1 branch of the dungeon, and saw 2 of its levels.

You collected 129 gold pieces.

Inventory:

Hand Weapons
 a - a +0 long sword (weapon)
Missiles
 d - 3 throwing nets (quivered)
Armour
 b - a +0 leather armour (worn)
 c - a +0 helmet (worn)
 e - a +0 cloak (worn)
Jewellery
 m - a ring of wizardry (left hand)
Scrolls
 h - 3 scrolls of identify {unknown}
 i - a scroll of fog {unknown}
 k - 2 scrolls of enchant weapon {unknown}
 l - a scroll of recharging {unknown}
 n - 2 scrolls of amnesia {unknown}
 o - a scroll of teleportation {unknown}
Comestibles
 f - 3 bread rations
 g - 3 meat rations
 j - a slice of pizza


   Skills:
 - Level 2.1 Fighting
 + Level 5.7 Long Blades
 - Level 2.0 Throwing
 - Level 4.0 Dodging


You had 3 spell levels left.
You didn't know any spells.

Dungeon Overview and Level Annotations

Branches:
Dungeon (2/15)

Altars:

Annotations:
D:1 Sigmund


Message History

You climb downwards.
You are near starving!
There is a stone staircase leading up, spattered with blood here.
Something barely misses you.
A jackal comes into view.
The jackal barks!
You hear some strange, mumbled words.
You are confused.
A rat comes into view.
The jackal barely misses you. The rat closely misses you.
You closely miss the rat. The jackal misses you.
A magic dart appears from out of thin air!
The magic dart hits you! The rat closely misses you.
You bump into the rock wall.
The jackal bites you but does no damage.
The rat barely misses you. The jackal bites you.
You closely miss the rat. The jackal barely misses you.
Something hits you but does no damage. The rat closely misses you.
You miss the rat. The jackal closely misses you.
The rat bites you but does no damage. The jackal bites you. Something hits you!
You die...

#.......###.##.#.....#####
##.....####............#..
#.......##.##.#.#####....
######.....#.##.##.#.##...)...
#...............##......##....
#.#.......#..#######.......#..
#.#.##..###... ###########
#.#..#......h####.#
#.##.#.##....@r...#
#.##.#.##.##.##.#.#
#......#.....# #
####.###.<#### #.#..)[.####
#.#.......... ####.#.....##...
#..[)รท.....# ## ##.##.#.....#


You could see a jackal and a rat.

Vanquished Creatures
  Robin (D:2)
  2 adders (D:2)
  An ooze (D:2)
  3 dart slugs
  A leopard gecko (D:2)
  A ball python (D:1)
  2 bats
  2 giant cockroaches
  14 goblins
  8 hobgoblins
  4 jackals (D:2)
  A frilled lizard (D:2)
  3 kobolds
  5 rats
48 creatures vanquished.

Notes
Turn   | Place    | Note
-------+----------+-------------------------------------------
     0 | D:1      | esteth the Merfolk Gladiator began the quest for the Orb.
     0 | D:1      | Reached XP level 1. HP: 16/16 MP: 1/1
   162 | D:1      | Reached XP level 2. HP: 18/22 MP: 2/2
   205 | D:1      | Reached skill level 4 in Long Blades
  1088 | D:2      | Reached XP level 3. HP: 22/27 MP: 3/3
  1310 | D:2      | Reached skill level 5 in Long Blades
  1637 | D:2      | Reached XP level 4. HP: 33/33 MP: 4/4
  1822 | D:2      | Noticed Robin
  1971 | D:2      | Noticed Sigmund
  1973 | D:2      | Killed Robin
  1977 | D:1      | HP: 1/33 [goblin/dagger[Robin] (5)]
  2306 | D:2      | Slain by Sigmund

Skill      XL: |  1  2  3 |
---------------+----------+-----
Long Blades    | 4 5 |  5.7
Fighting       | |  2.1
Throwing       | |  2.0
Dodging        | |  4.0

Action                   |  1- 3 |  4- 6 || total
-------------------------+-------+-------++-------
Melee: Long sword        |    87 |    48 ||   135
  Use: Potion            |       |     1 ||     1
 Stab: Sleeping          |     1 |       ||     1
  Eat: Chunk             |     2 |     1 ||     3
Armor: Leather armour    |    27 |    20 ||    47
Dodge: Dodged            |    51 |    80 ||   131
       Rpst.: Long sword |    13 |    23 ||    36
